AoeStats
← engamo2010

Arabia

510866825Analyzed
1v1 RM · 10h ago on Oct 2, 2026· 49m 18s· 2 players
Game mode
Random Map
Map size
Tiny (2 player)
Population
200
Speed
Normal
Resources
Standard
Victory
Conquest
Starting age
Dark Age
Ending age
Imperial Age
RankedLock teamsTeams togetherTeam positionsShared explorationLock speedFull tech treeHidden civsTurbo modeCheats
Victory
Defeat
🇪🇸 Persians · Spain
688
+13
🇺🇾 Maya · Uruguay
632
-13
engamo2010
2:48 Loom
7:13 Loom
10:23 Feudal Age
11:15 Double-Bit Axe
11:59 Fletching
16:55 Town Watch
28:37 Castle Age
29:17 Bodkin Arrow
29:48 Bow Saw
29:38 Crossbowman
31:36 Padded Archer Armor
34:52 Leather Archer Armor
34:45 Thumb Ring
50:16 Imperial Age
CAZURREITHOR
1:13 Loom
13:23 Feudal Age
14:05 Man-at-Arms
14:31 Arson
17:32 Town Watch
20:35 Double-Bit Axe
22:13 Wheelbarrow
28:42 Fletching
30:34 Forging
30:24 Padded Archer Armor
30:31 Scale Barding Armor
32:01 Scale Mail Armor
35:30 Castle Age
33:48 Bloodlines
35:30 Crossbowman
36:16 Thumb Ring
37:54 Hand Cart
39:04 Ballistics
42:02 Husbandry
42:18 Murder Holes
44:10 Kamandaran
49:48 Town Patrol
Connection lost

Rejoining the realm…

Still unreachable

The connection could not be restored.

Session expired

The server has moved on; the page needs a fresh start.